General information
- name: BNet
- type: Ladder team game (AT/RT)
- host: Battle.net
- saver: sc2no.wc4yes
map: MarketSquare
- players: 8
- length: 20:09
- speed: Fast
- version: 1.26 W3XP
- replay type: Public
» download(180 KB)
Players
team 1 (winner)

»
Economy (
teal | 85 APM | 1712 actions | 20:08)
7 Blademaster
3 Wind Walk
3 Critical Strike
1 Bladestorm
» actions
| Basic commands | 10 | |
| Build / train | 67 | |
| Enter build submenu | 16 | |
| Enter hero's abilities submenu | 7 | |
| Remove unit from queue | 1 | |
| Right click | 1148 | |
| Select / deselect | 340 | |
| Use ability | 123 | |
1712 total
» units
| Peon | 16 | |
| Grunt | 9 | |
| Shaman | 6 | |
| Tauren | 8 | |
39 total
» upgrades
| Shaman Training | 2 | |
| Pulverize | 1 | |
| Melee Weapons | 2 | |
| Armor | 2 | |
| Reinforced Defenses | 1 | |
8 total
» buildings
| Altar of Storms | 1 | |
| Orc Burrow | 6 | |
| Barracks | 1 | |
| Voodoo Lounge | 1 | |
| Stronghold | 2 | |
| War Mill | 1 | |
| Fortress | 1 | |
| Spirit Lodge | 1 | |
| Great Hall | 2 | |
| Tauren Totem | 2 | |
18 total
» build order
00:07 Altar of Storms
00:12 Orc Burrow
00:32 Barracks
01:35 Orc Burrow
01:58 Voodoo Lounge
02:52 Orc Burrow
04:50 Stronghold
05:37 Orc Burrow
06:20 War Mill
07:28 Fortress
07:30 Spirit Lodge
07:58 Great Hall
10:14 Tauren Totem
10:16 Tauren Totem
13:15 Orc Burrow
14:40 Orc Burrow
18:29 Great Hall
» items
| Healing Salve | 1 | |
| Scroll of Town Portal | 4 | |
| Potion of Lesser Invulnerability | 1 | |
| Orb of Lightning | 1 | |
7 total
zeroxp (
purple | 124 APM | 2497 actions | 20:08)
5 Blademaster
3 Wind Walk
2 Critical Strike
4 Shadow Hunter
2 Hex
2 Healing Wave
1 Tauren Chieftain
1 Endurance Aura
» actions
| Assign group hotkey | 33 | |
| Basic commands | 123 | |
| Build / train | 68 | |
| Enter build submenu | 12 | |
| Enter hero's abilities submenu | 10 | |
| Give item / drop item | 4 | |
| Right click | 975 | |
| Select / deselect | 456 | |
| Select group hotkey | 715 | |
| Use ability | 101 | |
2497 total
» units
| Peon | 7 | |
| Grunt | 4 | |
| Wind Rider | 6 | |
| Spirit Walker | 1 | |
| Troll Batrider | 3 | |
| Raider | 1 | |
22 total
» upgrades
| Berserker Strength | 1 | |
| Reinforced Defenses | 1 | |
| Liquid Fire | 1 | |
| War Drums Damage Increase | 1 | |
| Pillage | 1 | |
5 total
» buildings
| Altar of Storms | 1 | |
| Orc Burrow | 5 | |
| Barracks | 1 | |
| Voodoo Lounge | 1 | |
| Stronghold | 1 | |
| War Mill | 1 | |
| Beastiary | 2 | |
| Spirit Lodge | 1 | |
| Fortress | 1 | |
14 total
» build order
00:07 Altar of Storms
00:21 Orc Burrow
00:36 Barracks
01:27 Orc Burrow
01:55 Voodoo Lounge
03:01 Stronghold
04:46 War Mill
04:49 Orc Burrow
05:31 Beastiary
06:42 Spirit Lodge
07:52 Beastiary
07:55 Orc Burrow
10:18 Orc Burrow
12:08 Fortress
» items
| Healing Salve | 8 | |
| Lesser Clarity Potion | 9 | |
| Scroll of Speed | 1 | |
| Boots of Speed | 1 | |
| Circlet of Nobility | 1 | |
| Scroll of Town Portal | 2 | |
| Potion of Lesser Invulnerability | 1 | |
| Potion of Healing | 1 | |
| Orb of Corruption | 1 | |
25 total

»
sc2no.wc4yes (
blue | 94 APM | 1893 actions | 20:09)
6 Crypt Lord
3 Carrion Beetles
3 Spiked Carapace
5 Death Knight
2 Death Coil
3 Unholy Aura
3 Lich
2 Frost Nova
1 Dark Ritual
» actions
| Assign group hotkey | 61 | |
| Basic commands | 105 | |
| Build / train | 76 | |
| ESC pressed | 2 | |
| Enter build submenu | 27 | |
| Enter hero's abilities submenu | 15 | |
| Give item / drop item | 1 | |
| Remove unit from queue | 7 | |
| Right click | 625 | |
| Select / deselect | 243 | |
| Select group hotkey | 657 | |
| Use ability | 74 | |
1893 total
» units
| Acolyte | 9 | |
| Crypt Fiend | 6 | |
| Frost Wyrm | 2 | |
17 total
» upgrades
| Creature Attack | 3 | |
| Web | 1 | |
| Creature Carapace | 2 | |
| Freezing Breath | 1 | |
7 total
» buildings
| Graveyard | 1 | |
| Crypt | 2 | |
| Altar of Darkness | 1 | |
| Ziggurat | 14 | |
| Tomb of Relics | 2 | |
| Necropolis | 2 | |
| Halls of the Dead | 3 | |
| Nerubian Tower | 3 | |
| Black Citadel | 2 | |
| Spirit Tower | 6 | |
| Sacrificial Pit | 1 | |
| Boneyard | 3 | |
40 total
» build order
00:10 Graveyard
00:15 Crypt
00:41 Altar of Darkness
00:57 Ziggurat
01:24 Tomb of Relics
02:00 Ziggurat
02:47 Necropolis
04:30 Halls of the Dead
04:30 Halls of the Dead
05:07 Ziggurat
06:01 Ziggurat
06:55 Nerubian Tower
06:57 Black Citadel
06:57 Black Citadel
07:47 Tomb of Relics
07:49 Spirit Tower
08:21 Crypt
08:40 Ziggurat
08:41 Ziggurat
08:49 Nerubian Tower
08:50 Spirit Tower
09:27 Ziggurat
09:29 Ziggurat
09:31 Ziggurat
09:33 Ziggurat
09:49 Necropolis
10:05 Sacrificial Pit
10:19 Nerubian Tower
10:23 Spirit Tower
10:24 Spirit Tower
10:26 Spirit Tower
10:28 Ziggurat
10:48 Ziggurat
10:49 Ziggurat
11:29 Boneyard
11:30 Boneyard
14:04 Spirit Tower
14:17 Boneyard
19:25 Ziggurat
» items
| Rod of Necromancy | 2 | |
| Sacrificial Skull | 2 | |
| Scroll of Town Portal | 3 | |
| Orb of Corruption | 2 | |
| Scroll of Speed | 1 | |
| Scroll of Healing | 1 | |
| Scroll of Protection | 1 | |
12 total
Nightmar3. (
orange | 34 APM | 695 actions | 20:08)
3 Shadow Hunter
2 Serpent Ward
1 Hex
» actions
| Assign group hotkey | 5 | |
| Basic commands | 1 | |
| Build / train | 49 | |
| Enter build submenu | 15 | |
| Enter hero's abilities submenu | 3 | |
| Remove unit from queue | 1 | |
| Right click | 373 | |
| Select / deselect | 156 | |
| Select group hotkey | 31 | |
| Use ability | 61 | |
695 total
» units
» upgrades
| Armor | 1 | |
| Ranged Weapons | 1 | |
| Reinforced Defenses | 1 | |
3 total
» buildings
| Altar of Storms | 1 | |
| Barracks | 2 | |
| Orc Burrow | 7 | |
| Voodoo Lounge | 1 | |
| War Mill | 1 | |
| Stronghold | 1 | |
| Fortress | 1 | |
| Great Hall | 2 | |
| Watch Tower | 6 | |
22 total
» build order
00:03 Altar of Storms
00:06 Barracks
00:38 Orc Burrow
01:50 Orc Burrow
02:27 Voodoo Lounge
04:01 Orc Burrow
05:15 Orc Burrow
06:29 Orc Burrow
06:33 Orc Burrow
06:37 Orc Burrow
09:47 War Mill
09:51 Stronghold
11:54 Barracks
12:19 Fortress
14:09 Great Hall
15:44 Watch Tower
15:45 Watch Tower
15:46 Watch Tower
15:48 Watch Tower
15:49 Watch Tower
15:50 Watch Tower
16:00 Great Hall
» items
| Healing Salve | 2 | |
| Scroll of Speed | 1 | |
| Boots of Speed | 1 | |
| Staff of Teleportation | 1 | |
5 total
team 2 (loser)

»
GameFinder (
red | 91 APM | 1822 actions | 19:54)
4 Archmage
2 Blizzard
2 Brilliance Aura
4 Mountain King
2 Storm Bolt
2 Bash
3 Paladin
2 Holy Light
1 Devotion Aura
» actions
| Assign group hotkey | 18 | |
| Basic commands | 204 | |
| Build / train | 75 | |
| ESC pressed | 7 | |
| Enter build submenu | 23 | |
| Enter hero's abilities submenu | 12 | |
| Give item / drop item | 1 | |
| Right click | 576 | |
| Select / deselect | 273 | |
| Select group hotkey | 515 | |
| Use ability | 118 | |
1822 total
» units
| Peasant | 10 | |
| Footman | 4 | |
| Rifleman | 2 | |
| Priest | 2 | |
| Knight | 6 | |
| Forest Troll High Priest | 1 | |
| Assassin | 2 | |
| Spell Breaker | 1 | |
| Gryphon Rider | 2 | |
30 total
» upgrades
| Swords | 2 | |
| Gunpowder | 1 | |
| Animal War Training | 1 | |
4 total
» buildings
| Altar of Kings | 1 | |
| Farm | 9 | |
| Barracks | 1 | |
| Lumber Mill | 1 | |
| Scout Tower | 5 | |
| Blacksmith | 1 | |
| Arcane Tower | 3 | |
| Keep | 2 | |
| Arcane Sanctum | 1 | |
| Arcane Vault | 1 | |
| Castle | 2 | |
| Guard Tower | 3 | |
| Town Hall | 2 | |
| Gryphon Aviary | 1 | |
33 total
» build order
00:21 Altar of Kings
00:36 Farm
00:51 Barracks
01:01 Farm
01:05 Lumber Mill
01:43 Farm
01:57 Scout Tower
02:34 Blacksmith
02:36 Arcane Tower
03:18 Keep
03:59 Farm
05:42 Arcane Sanctum
05:57 Arcane Vault
06:06 Castle
06:40 Scout Tower
06:42 Scout Tower
07:01 Farm
07:30 Guard Tower
07:36 Farm
08:05 Guard Tower
08:26 Town Hall
08:38 Scout Tower
09:43 Arcane Tower
09:43 Arcane Tower
09:48 Scout Tower
10:42 Farm
12:07 Town Hall
12:47 Farm
12:47 Farm
13:52 Gryphon Aviary
» items
| Scroll of Regeneration | 4 | |
| Lesser Clarity Potion | 1 | |
| Scroll of Town Portal | 4 | |
| Orb of Fire | 1 | |
10 total

»
GLenchErviN (
pink | 75 APM | 1508 actions | 20:07)
4 Crypt Lord
2 Carrion Beetles
2 Spiked Carapace
2 Death Knight
1 Death Coil
1 Unholy Aura
» actions
| Assign group hotkey | 55 | |
| Basic commands | 22 | |
| Build / train | 51 | |
| Enter build submenu | 13 | |
| Enter hero's abilities submenu | 7 | |
| Right click | 551 | |
| Select / deselect | 282 | |
| Select group hotkey | 488 | |
| Use ability | 39 | |
1508 total
» units
| Acolyte | 2 | |
| Ghoul | 3 | |
| Crypt Fiend | 13 | |
| Obsidian Statue | 8 | |
| Frost Wyrm | 3 | |
29 total
» upgrades
| Creature Attack | 2 | |
| Web | 1 | |
| Destroyer Form | 1 | |
| Creature Carapace | 1 | |
5 total
» buildings
| Altar of Darkness | 1 | |
| Ziggurat | 7 | |
| Crypt | 1 | |
| Graveyard | 1 | |
| Tomb of Relics | 1 | |
| Nerubian Tower | 1 | |
| Spirit Tower | 3 | |
| Halls of the Dead | 2 | |
| Black Citadel | 1 | |
| Slaughterhouse | 1 | |
19 total
» build order
00:16 Altar of Darkness
00:22 Ziggurat
00:41 Crypt
01:01 Graveyard
01:16 Ziggurat
01:48 Tomb of Relics
02:14 Nerubian Tower
03:13 Spirit Tower
03:33 Ziggurat
04:23 Halls of the Dead
04:23 Halls of the Dead
05:01 Spirit Tower
05:49 Ziggurat
07:48 Black Citadel
07:50 Slaughterhouse
09:03 Ziggurat
11:43 Ziggurat
15:21 Ziggurat
15:39 Spirit Tower
» items
| Rod of Necromancy | 1 | |
| Scroll of Town Portal | 1 | |
2 total

»
SoneKera (
yellow | 61 APM | 1058 actions | 17:19)
4 Death Knight
2 Death Coil
2 Unholy Aura
2 Dark Ranger
1 Black Arrow
1 Silence
1 Lich
1 Frost Nova
» actions
| Assign group hotkey | 17 | |
| Basic commands | 3 | |
| Build / train | 62 | |
| ESC pressed | 1 | |
| Enter build submenu | 18 | |
| Enter hero's abilities submenu | 7 | |
| Right click | 518 | |
| Select / deselect | 310 | |
| Select group hotkey | 47 | |
| Use ability | 75 | |
1058 total
» units
| Acolyte | 7 | |
| Ghoul | 5 | |
| Crypt Fiend | 6 | |
| Gargoyle | 9 | |
| Frost Wyrm | 4 | |
31 total
» upgrades
» buildings
| Crypt | 1 | |
| Altar of Darkness | 1 | |
| Ziggurat | 8 | |
| Graveyard | 1 | |
| Tomb of Relics | 1 | |
| Nerubian Tower | 2 | |
| Halls of the Dead | 1 | |
| Necropolis | 1 | |
| Spirit Tower | 2 | |
| Black Citadel | 1 | |
| Sacrificial Pit | 1 | |
| Boneyard | 3 | |
23 total
» build order
00:12 Crypt
00:20 Altar of Darkness
00:33 Ziggurat
00:56 Graveyard
01:23 Tomb of Relics
01:52 Ziggurat
03:41 Ziggurat
06:09 Ziggurat
06:11 Ziggurat
06:44 Nerubian Tower
06:46 Halls of the Dead
06:54 Necropolis
08:22 Nerubian Tower
08:23 Spirit Tower
08:55 Ziggurat
08:57 Ziggurat
10:03 Black Citadel
10:08 Sacrificial Pit
10:12 Spirit Tower
10:35 Ziggurat
12:53 Boneyard
12:55 Boneyard
12:56 Boneyard
» items
| Rod of Necromancy | 2 | |
| Potion of Healing | 5 | |
| Scroll of Town Portal | 2 | |
| Dust of Appearance | 1 | |
| Scroll of Healing | 2 | |
| Orb of Corruption | 1 | |
13 total
BigSlick-AK (
green | 58 APM | 1003 actions | 17:24)
2 Mountain King
1 Storm Bolt
1 Bash
2 Paladin
1 Holy Light
1 Divine Shield
» actions
| Assign group hotkey | 13 | |
| Basic commands | 56 | |
| Build / train | 48 | |
| Enter build submenu | 23 | |
| Enter hero's abilities submenu | 5 | |
| Right click | 282 | |
| Select / deselect | 140 | |
| Select group hotkey | 365 | |
| Use ability | 71 | |
1003 total
» units
| Peasant | 11 | |
| Footman | 11 | |
| Siege Engine | 4 | |
| Mortar Team | 1 | |
27 total
» upgrades
| Masonry | 1 | |
| Defend | 1 | |
| Barrage | 1 | |
| Lumber Harvesting | 1 | |
| Fragmentation Shards | 1 | |
| Plating | 1 | |
6 total
» buildings
| Altar of Kings | 1 | |
| Farm | 9 | |
| Barracks | 1 | |
| Scout Tower | 4 | |
| Arcane Tower | 1 | |
| Lumber Mill | 1 | |
| Guard Tower | 3 | |
| Arcane Vault | 1 | |
| Keep | 1 | |
| Blacksmith | 1 | |
| Castle | 1 | |
| Workshop | 2 | |
| Town Hall | 1 | |
27 total
» build order
00:07 Altar of Kings
00:11 Farm
00:15 Farm
00:54 Barracks
01:16 Farm
01:29 Scout Tower
02:07 Arcane Tower
02:13 Farm
03:15 Farm
03:26 Lumber Mill
03:39 Scout Tower
03:44 Scout Tower
04:27 Farm
04:32 Guard Tower
04:34 Guard Tower
04:47 Arcane Vault
05:32 Keep
05:54 Farm
07:41 Scout Tower
07:54 Blacksmith
08:28 Guard Tower
09:30 Castle
09:52 Workshop
09:59 Workshop
10:30 Farm
14:32 Farm
14:40 Town Hall
» items
| Lesser Clarity Potion | 2 | |
| Scroll of Regeneration | 1 | |
3 total
Chat log
(00:13 / Allies) Economy: units
(00:17 / Allies) zeroxp: shit cant tech with this
(00:24 / Allies) Economy: units
(00:25 / Allies) Economy: blue
(00:27 / Allies) Economy: uniuts?
(00:43 / Allies) Economy: sup fellas
(00:45 / Allies) Economy: call out units please
(00:48 / Allies) Economy: so I know what to get
(00:50 / Allies) sc2no.wc4yes: p00p s0up and p33 t3a
(01:14 / Allies) Economy: fiend wyrm blueskie?
(01:24 / Allies) Economy: orange purp units
(01:31 / Allies) sc2no.wc4yes: lets just wing ity
(01:44 / Allies) sc2no.wc4yes: the best laid plans of mice and men geng eft algy
(01:47 / Allies) Economy: i dont like wingingit
(02:12 / Allies) Economy: I need ot know what everyone is getting so I can make units
(02:16 / Allies) Economy: fuck it
(02:21 / Allies) Economy: grunt/doc/sham/tauren
(04:41 / Allies) sc2no.wc4yes: oh lord
(04:46 / Allies) sc2no.wc4yes: didnt realize sulk boy was on my team
(04:47 / Allies) sc2no.wc4yes: good game
(05:31 / Allies) Economy: towr orange
(05:32 / Allies) Economy: they're coming
(05:37 / All) Nightmar3.: u have lots of allies
(05:43 / Allies) sc2no.wc4yes: he wont
(05:48 / Allies) sc2no.wc4yes: this dude is the king of biting off more than he can chew
(05:50 / Allies) Economy: purple
(05:50 / Allies) sc2no.wc4yes: and then sulking
(05:52 / Allies) Economy: get ready to d
(06:00 / All) GLenchErviN: yeah totally
(06:02 / Allies) Economy: i won lose this game
(06:08 / Allies) Economy: so be ready to d
(06:09 / Allies) Economy: gim
(06:56 / Allies) zeroxp: wtf
(07:00 / Allies) zeroxp: b
(07:00 / Allies) zeroxp: b
(07:10 / Allies) Economy: omw
(07:33 / Allies) zeroxp: its noob
(07:37 / Allies) zeroxp: cant take orange
(07:42 / Allies) Economy: realx
(07:44 / Allies) Economy: we got this
(07:46 / Allies) Economy: just relax
(08:08 / Allies) sc2no.wc4yes: anyone have like 1200 spare wood?
(08:11 / Allies) Economy: make sure we have aa
(08:18 / Allies) sc2no.wc4yes: i dont even have the wood for web
(08:43 / Allies) Economy: xome with
(08:45 / Allies) Economy: me vlue
(08:46 / Allies) Economy: lets scout
(08:47 / Allies) Economy: expos
(08:56 / Allies) Economy: back up orange
(08:58 / Allies) Economy: repiar you shit
(09:01 / Allies) sc2no.wc4yes: he wont
(09:03 / Allies) sc2no.wc4yes: come save him
(09:05 / Allies) sc2no.wc4yes: ehs in mega sulk mode
(09:16 / Allies) Economy: repair orange
(09:28 / Allies) Nightmar3.: im eating
(09:35 / Allies) sc2no.wc4yes: when are you not eating
(09:36 / Allies) zeroxp: fuck u bitch
(09:39 / Allies) sc2no.wc4yes: fat sulk kid
(09:41 / Allies) Economy: relax
(09:50 / Allies) Economy: we got this
(09:53 / Allies) sc2no.wc4yes: coutner expos
(09:54 / Allies) sc2no.wc4yes: not main
(10:05 / Allies) Economy: orange
(10:07 / Allies) sc2no.wc4yes: 1200 wood pls
(10:08 / Allies) Economy: if you need resources
(10:09 / Allies) Economy: let m eknow
(10:11 / Allies) Economy: oi got you brother
(10:12 / Allies) Nightmar3.: lol
(10:28 / Allies) Nightmar3.: u guys keep em busy now so i can free creep like u did
(10:43 / Allies) Economy: no worries
(10:44 / Allies) Economy: i got you
(11:06 / Allies) Economy: tauren sham on the way
(11:09 / Allies) sc2no.wc4yes: 1200 wood pls
(11:13 / Allies) sc2no.wc4yes: i will spend all of it
(12:05 / Allies) zeroxp: all there
(12:07 / Allies) Economy: purple
(12:08 / Allies) Economy: get bats
(12:14 / Allies) Economy: for air
(12:18 / Allies) sc2no.wc4yes: he wont
(12:19 / Allies) sc2no.wc4yes: hes sulking
(12:21 / Allies) zeroxp: later
(12:22 / Allies) sc2no.wc4yes: you speak english economy?
(12:47 / Allies) sc2no.wc4yes: well this is it
(12:52 / Allies) Nightmar3.: im kickin ass what u talking bout
(13:10 / All) BigSlick-AK: jesus gusy
(13:22 / Allies) Economy: tping now
(14:47 / Allies) Economy: coming orange
(15:00 / Allies) Economy: blue
(15:01 / Allies) Economy: more aa
(15:03 / Allies) Economy: purple bats
(15:52 / Allies) Economy: orantge bats?
(15:58 / Allies) zeroxp: kk
(16:01 / Allies) zeroxp: i do
(17:14 / Allies) sc2no.wc4yes: sulk boy carried to yet another win
(17:16 / Allies) Economy: take iut green
(17:18 / Allies) Economy: i defend orange
(17:21 / Allies) Nightmar3.: lol
(17:27 / All) zeroxp: nice one
(17:39 / All) Nightmar3.: lol red im not even playing lmao
(17:55 / Allies) sc2no.wc4yes: you never are you retarded noob
(18:03 / All) Nightmar3.: let your allies die to attack me lmao
(18:06 / Allies) Economy: chill out
(18:16 / Allies) Economy: lets get the win
(18:19 / Allies) sc2no.wc4yes: for what?
(18:26 / Allies) sc2no.wc4yes: did you find some adsense program that takes wc3 wins?
(18:44 / Allies) Economy: i ahave a bet going with my boy
(18:49 / Allies) sc2no.wc4yes: if i had seen fat boy on this team i never would have played this 3v4
(18:56 / Allies) sc2no.wc4yes: delusional fat lazy permanoob
(19:57 / All) Nightmar3.: lmao at u red